 Dungeon Crawl Stone Soup version 0.28.0-45-g0d030f2227 (webtiles) character file.

Game seed: 3995331459029346411

35 mortz the Gusty (level 3, -6/19 HPs)
             Began as a Tengu Air Elementalist on Apr 24, 2022.
             Mangled by a water moccasin (7 damage)
             ... on level 3 of the Dungeon.
             The game lasted 00:07:05 (1788 turns).

mortz the Gusty (Tengu Air Elementalist)            Turns: 1788, Time: 00:07:06

Health: -6/19      AC:  4    Str:  8    XL:     3   Next: 33%
Magic:  1/7        EV: 12    Int: 17    God:
Gold:   90         SH:  0    Dex: 14    Spells: 3/6 levels left

rFire   . . .      SeeInvis .   c - +0 dagger {short}
rCold   . . .      Faith    .   (no shield)
rNeg    . . .      Spirit   .   a - +0 robe
rPois   .          Reflect  .   j - +1 hat
rElec   .          Harm     .   (no cloak)
rCorr   .          Rampage  .   g - +0 pair of gloves
Will    .....                   (boots unavailable)
Stlth   ++........              (no amulet)
HPRegen 0.06/turn               (no ring)
MPRegen 0.10/turn               (no ring)

@: no status effects
A: beak, talons 3
a: no special abilities


You were on level 3 of the Dungeon.
You visited 1 branch of the dungeon, and saw 3 of its levels.

You collected 90 gold pieces.


Innate Abilities, Weirdness & Mutations

You have a beak for a mouth.
You have claws for feet.


   Skills:
 + Level 2.3 Dodging
 + Level 2.3 Stealth
 + Level 2.4 Spellcasting
 + Level 1.8 Conjurations
 + Level 4.8 Air Magic


You had 3 spell levels left.
You knew the following spells:

 Your Spells              Type           Power      Damage    Failure   Level
a - Shock                 Conj/Air       52%        1d6       4%          1
b - Static Discharge      Conj/Air       13%        N/A       7%          2

Your spell library contained the following spells:

 Spells                   Type           Power      Damage    Failure   Level
 Swiftness                Air            18%        N/A       8%          3
 Airstrike                Air            9%         N/A       26%         4

Inventory:

Hand Weapons
 c - a +0 dagger (weapon) {short}
   (You took it off a goblin on level 1 of the Dungeon)
Armour
 a - a +0 robe (worn)
 g - a +0 pair of gloves (worn)
   (You found it on level 2 of the Dungeon)
 j - a +1 hat (worn)
   (You found it on level 2 of the Dungeon)
Scrolls
 b - a scroll of holy word {unknown}
 d - a scroll of fog {unknown}
 e - a scroll of teleportation {@r4}
 k - a scroll of amnesia {unknown}
Potions
 h - a potion of might {unknown}
 i - a potion of degeneration {unknown}

Dungeon Overview and Level Annotations

Branches:
Dungeon (3/15)

Altars:
Uskayaw

##. #.. #.# ...
#.# #.# #.# #@#
##S## ##.#.##
##.###.## ##.##
##.######
#####.## ##.....#
###......##
##.####.#
##.........###.##
.#
...#####....#.##
.#


You could see a water moccasin.


Message History

Your hp is fully restored (19).
Your mp is fully restored (7).
Done exploring.
There is a stone staircase leading down here.
Okay, then.
You climb downwards.
Found a hunting sling.
Found a faded altar of an unknown god.
Found two stone staircases leading up.
There is a stone staircase leading up here.
Aiming: Shock (safe; 4% risk of failure)
Press: ? - help, Q - select action, (/) - cycle Shift-Dir - straight line, f - you
Okay, then.
Found a stone staircase leading down.
Aiming: Shock (safe; 4% risk of failure)
Press: ? - help, Q - select action, (/) - cycle Shift-Dir - straight line, f - you
Okay, then.
A bat is nearby!
There is a stone staircase leading up here.
Aiming: Shock (safe; 4% risk of failure)
Press: ? - help, Q - select action, (/) - cycle Shift-Dir - straight line, f - bat
Aim: a bat (52% to hit)
The zap misses the bat. 😎 MP[-1]
You lost 1 mp, and now have 6/7 mp.
Aiming: Shock (safe; 4% risk of failure)
Press: ? - help, Q - select action, (/) - cycle Shift-Dir - straight line, f/p - bat
Aim: a bat (52% to hit)
The zap hits the bat.
You kill the bat! 😎 MP[-1]
You lost 1 mp, and now have 5/7 mp.
A water moccasin comes into view.
The water moccasin hisses angrily. 😎 MP[+2]
Your mp is fully restored (7).
Aiming: Shock (safe; 4% risk of failure)
Press: ? - help, Q - select action, (/) - cycle Shift-Dir - straight line The zap misses the water moccasin. x2 😎 MP[-1]
You lost 1 mp, and now have 6/7 mp.
Aiming: Shock (safe; 4% risk of failure)
Press: ? - help, Q - select action, (/) - cycle Shift-Dir - straight line The zap hits the water moccasin.
The water moccasin bites you. 😕 HP[-2] MP[-1]
You take 2 damage, and now have 17/19 hp.
You lost 1 mp, and now have 5/7 mp.
Casting: Shock (safe; 4% risk of failure)
Confirm with . or Enter, or press ? or * to list all spells.
The water moccasin is struck by an arc of lightning.
You are struck by an arc of lightning.
The lightning grounds out.
The water moccasin bites you but does no damage. 😕 HP[-2] MP[-2]
You take 2 damage, and now have 15/19 hp.
You lost 2 mp, and now have 3/7 mp.
Casting: Static Discharge (safe; 7% risk of failure)
Confirm with . or Enter, or press ? or * to list all spells.
The water moccasin is struck by an arc of lightning!
You are struck by an arc of lightning.
The lightning grounds out.
The water moccasin bites you.
You are lethally poisoned!
The water moccasin poisons you! The water moccasin bites you!
* * * LOW HITPOINT WARNING * * *
You are more poisoned.
The water moccasin poisons you! 😱 HP[-12] MP[-2]
You take 12 damage, and now have 3/19 hp.
MASSIVE DAMAGE!! (PAUSE)
You lost 2 mp, and now have 1/7 mp.
It was a potion of curing.
You feel better.
The water moccasin bites you but does no damage. 😮 HP[+10]
You regained 10 hp, and now have 13/19 hp.
Casting: Static Discharge (safe; 7% risk of failure)
Confirm with . or Enter, or press ? or * to list all spells.
You don't have enough magic to cast this spell.
Aiming: Shock (safe; 4% risk of failure)
Press: ? - help, Q - select action, (/) - cycle Shift-Dir - straight line The zap hits the water moccasin.
The water moccasin closely misses you. 😮 MP[-1]
You lost 1 mp, and now have 0/7 mp.
You barely miss the water moccasin. The water moccasin bites you.
* * * LOW HITPOINT WARNING * * *
The water moccasin bites you.
* * * LOW HITPOINT WARNING * * *
😨 HP[-7]
You take 7 damage, and now have 6/19 hp.
MASSIVE DAMAGE!! (PAUSE)
You completely miss the water moccasin.
You claw the water moccasin, but do no damage.
The water moccasin bites you.
* * * LOW HITPOINT WARNING * * *
😱 HP[-5]
You take 5 damage, and now have 1/19 hp.
MASSIVE DAMAGE!! (PAUSE)
The water moccasin bites you but does no damage. 😱 MP[+1]
The water moccasin closely misses you. The water moccasin bites you!
You die...

Action                   || total
-------------------------++-------
Melee: Dagger            ||     6
       Kick              ||     2
 Cast: Shock             ||    61
       Static Discharge  ||     5
  Use: Scroll            ||     1
       Potion            ||     1
Armor: Robe              ||     4
Dodge: Dodged            ||    18

Levels and vault maps discovered:
D:1:      pf_arrival_petrified_forest, layout_rooms
D:2:      layout_rooms, basic_altar
D:3:      layout_loops_ring, nicolae_ecumenical_pavilion,
          chequers_serial_rivers_small_a, grunt_decor_fettered, uniq_sigmund,
          uniq_jessica

Notes
Turn   | Place    | Note
-------+----------+-------------------------------------------
     0 | D:1      | mortz the Tengu Air Elementalist began the quest for the
                  | Orb.
     0 | D:1      | Reached XP level 1. HP: 10/10 MP: 4/4
     0 | D:1      | magus.rc [v1.9.6]
   223 | D:1      | Reached XP level 2. HP: 14/15 MP: 1/6
   226 | D:1      | Learned a level 2 spell: Static Discharge
   406 | D:1      | HP: 1/15 [quokka (3)]
  1007 | D:1      | Reached XP level 3. HP: 19/19 MP: 5/7
  1139 | D:2      | Found a hide-covered altar of Uskayaw.
  1726 | D:3      | Found a faded altar of an unknown god.
  1772 | D:3      | Noticed a water moccasin
  1778 | D:3      | HP: 3/19 [water moccasin (8)]
  1782 | D:3      | HP: 1/19 [water moccasin (5)]
  1788 | D:3      | Mangled by a water moccasin

Vanquished Creatures
  A dart slug (D:1)
  3 ball pythons
  2 hobgoblins (D:1)
  3 kobolds
  5 quokkas
  7 bats
  2 frilled lizards (D:1)
  5 goblins (D:1)
  A rat (D:1)
29 creatures vanquished.

Table legend:
 A = Non-vault XP
 B = Vault XP
 C = Vault XP percentage of total XP
 D = Non-vault monster count
 E = Vault monster count
 F = Vault count percentage of total count
                 A         B        C        D         E       F
            +---------+---------+-------+---------+---------+-------
      Total |      50 |       0 |   0.0 |      29 |       0 |   0.0
            +---------+---------+-------+---------+---------+-------
        D:1 |      38 |       0 |   0.0 |      22 |       0 |   0.0
        D:2 |      10 |       0 |   0.0 |       6 |       0 |   0.0
        D:3 |       2 |       0 |   0.0 |       1 |       0 |   0.0
            +---------+---------+-------+---------+---------+-------

Illustrated notes

Table legend:
 A = Kills in this place as a percentage of kills in entire the game.
 B = Kills by you in this place as a percentage of kills by you in the entire game.
 C = Kills by friends in this place as a percentage of kills by friends in the entire game.
 D = Other kills in this place as a percentage of other kills in the entire game.
 E = Experience gained in this place as a percentage of experience gained in the entire game.
 F = Experience gained in this place divided by the number of levels of this place that you have seen.
                   A       B       C       D       E      F
               +-------+-------+-------+-------+-------+----------------------
         Total | 100.0 | 100.0 |   N/A |   N/A | 100.0 |  16.7
       Dungeon | 100.0 | 100.0 |   N/A |   N/A | 100.0 |  16.7
               +-------+-------+-------+-------+-------+----------------------

Table legend: (Time is in decaauts)
 A = Elapsed time spent in this place.
 B = Non-inter-level travel time spent in this place.
 C = Inter-level travel time spent in this place.
 D = Time resting spent in this place.
 E = Time spent auto-exploring this place.
 F = Levels seen in this place.
 G = Mean time per level.
                   A        B        C        D        E       F      G
               +--------+--------+--------+--------+--------+-----+--------+
         Total |   1788 |   1765 |     23 |    256 |   1242 |   3 |  596.0 |
       Dungeon |   1788 |   1765 |     23 |    256 |   1242 |   3 |  596.0 |
               +--------+--------+--------+--------+--------+-----+--------+

Top non-repeatable levels by time:
     D:1: 1114 daAuts
     D:2: 612 daAuts
     D:3: 61 daAuts
